 Dungeon Crawl Stone Soup version 0.30-a0-883-g5ad918d77d (webtiles) character file.

Game seed: 5117256085192781835

82490 jasper the Martial Artist (level 15, -4/119 HPs)
             Began as a Demonspawn Necromancer on Mar 16, 2023.
             Was a High Priest of Okawaru.
             Constricted to death by Jorgrun (9 damage)
             ... on level 14 of the Dungeon.
             The game lasted 01:01:19 (28559 turns).

jasper the Martial Artist (Demonspawn Necromancer) Turns: 28559, Time: 01:01:20

Health: -4/119     AC: 11    Str: 21    XL:     15   Next: 29%
Magic:  0/18       EV: 24    Int: 26    God:    Okawaru [*****.]
Gold:   1272       SH: 10    Dex: 18    Spells: 3/18 levels left

rFire   + . .      SeeInvis .      - Unarmed
rCold   . . .      Faith    .    K - +3 warlock's mirror {omnireflect}
rNeg    + . .      Spirit   +    t - +1 troll leather armour
rPois   +          Reflect  +    I - +0 hat of the Valley {Str+3}
rElec   .          Rampage  .    V - scarf of Rotten Amelioration {Regen+ Str+2}
rCorr   .                        U - +2 pair of gloves of Xuaneg {rF+ rN+ Str+4}
Will    +....                    i - +0 pair of boots
Stlth   +++++                    r - amulet "Dedy Lemm" {Spirit Regen+}
HPRegen 2.79/turn                A - +6 ring of intelligence
MPRegen 0.16/turn                B - ring of poison resistance

@: mighty, agile, heroic, grasped by roots, constricted, studying Hexes
A: thin skeletal structure 2, powered by pain 1, black mark, demonic magic 3,
bedeviling, demonic touch 2
a: Renounce Religion, Heroism, Finesse, Duel


You were on level 14 of the Dungeon.
You worshipped Okawaru.
Okawaru was extremely pleased with you.
You visited 3 branches of the dungeon, and saw 21 of its levels.
You also visited: Bailey.

You collected 2954 gold pieces.
You spent 1682 gold pieces at shops.

Inventory:

Missiles
 f - 210 stones
 L - 16 boomerangs
 N - a curare-tipped dart
Armour
 i - a +0 pair of boots (worn)
 t - a +1 troll leather armour (worn)
 I - the +0 hat of the Valley (worn) {Str+3}
   (You acquired it in a bailey)

   Str:       It affects your strength (+3).
 K - the +3 warlock's mirror (worn) {omnireflect}
   (You acquired it in a bailey)

   Omnireflect: It can block and reflect piercing ranged attacks and magical
   attacks against the wielder's willpower.
 U - the +2 pair of gloves of Xuaneg (worn) {rF+ rN+ Str+4}
   (Okawaru gifted it to you on level 12 of the Dungeon)

   Str:       It affects your strength (+4).
   rF:        It protects you from fire.
   rN:        It protects you from negative energy.
 V - the scarf of Rotten Amelioration (worn) {Regen+ Str+2}
   (Okawaru gifted it to you on level 5 of the Lair of Beasts)

   Str:       It affects your strength (+2).
   Regen:     It increases your rate of health regeneration.
Magical Staves
 Y - a staff of earth
Jewellery
 a - a ring of wizardry
 k - a ring of fire
 n - a ring of willpower
 q - a +4 ring of protection
 r - the amulet "Dedy Lemm" (around neck) {Spirit Regen+}
   (You found it on level 2 of the Dungeon)

   [amulet of guardian spirit]

   It causes incoming damage to be divided between your reserves of health and
   magic.
   Regen:     It increases your rate of health regeneration.
 A - a +6 ring of intelligence (left hand)
 B - a ring of poison resistance (right hand)
 H - a +4 ring of protection
 S - a ring of flight
 W - a ring of resist corrosion
Wands
 l - a wand of polymorph (4)
 w - a wand of flame (42)
 y - a wand of paralysis (2)
 F - a wand of mindburst (7)
Scrolls
 c - 2 scrolls of blinking
 d - 3 scrolls of fear
 j - 7 scrolls of teleportation
 z - a scroll of summoning
 C - 3 scrolls of identify
 D - 3 scrolls of amnesia
 E - 2 scrolls of poison
 M - a scroll of immolation
 T - a scroll of torment
 X - a scroll of enchant weapon
 Z - a scroll of silence
Potions
 b - 4 potions of mutation
 e - 3 potions of ambrosia
 g - 4 potions of haste
 h - 3 potions of cancellation
 m - 3 potions of invisibility
 o - 4 potions of flight
 p - 9 potions of curing
 s - 6 potions of brilliance
 u - 4 potions of heal wounds
 v - 3 potions of resistance
 x - 3 potions of attraction
 J - 6 potions of magic
 O - a potion of berserk rage
 P - 2 potions of lignification
 R - a potion of might


   Skills:
 + Level 11.6(16.6) Fighting
 - Level 4.1(9.1) Polearms
 - Level 3.1(8.1) Armour
 + Level 11.4(16.4) Dodging
 - Level 1.7(6.7) Stealth
 - Level 4.0(9.0) Shields
 * Level 12.6(17.6) Unarmed Combat
 - Level 2.0 Spellcasting
 - Level 11.0 Hexes
 - Level 8.0 Necromancy
 - Level 9.3 Translocations
 - Level 7.0 Transmutations
 - Level 3.0 Invocations


You had 3 spell levels left.
You knew the following spells:

 Your Spells              Type           Power      Damage    Failure   Level
a - Manifold Assault      Tloc           50%        N/A       3%          4
b - Vampiric Draining     Necr           44%        2d9       1%          3
c - Apportation           Tloc           100%       N/A       1%          1
d - Yara's Violent Unrav  Hex/Tmut       32%        3d13      10%         5
e - Sublimation of Blood  Necr           44%        N/A       1%          2

Your spell library contained the following spells:

 Spells                   Type           Power      Damage    Failure   Level
 Necrotise                Necr           100%       1d9       1%          1
 Inner Flame              Hex/Fire       46%        N/A       4%          3
 Passwall                 Tmut/Erth      16%        N/A       5%          2
 Kindle Blastsparks       Fire/Tloc/Air  36%        2d13      12%         3
 Foxfire                  Conj/Fire      8%         2x1d4     14%         1
 Freeze                   Ice            8%         1d3       14%         1
 Sandblast                Erth           4%         2d4       14%         1
 Ignite Poison            Fire/Tmut/Pois 14%        N/A       17%         3
 Scorch                   Fire           4%         2d5       22%         2
 Frozen Ramparts          Ice            4%         1d1       41%         3
 Hailstorm                Conj/Ice       2%         3d3       41%         3
 Stone Arrow              Conj/Erth      4%         3d7       41%         3
 Agony                    Necr           44%        N/A       16%         5
 Petrify                  Tmut/Erth      20%        N/A       34%         4
 Dispersal                Tloc           25%        N/A       45%         6
 Alistair's Intoxication  Tmut/Pois      13%        N/A       67%         5
 Irradiate                Conj/Tmut      10%        3d15      67%         5
 Enfeeble                 Hex            37%        N/A       80%         7
 Flame Wave               Conj/Fire      2%         2d4       82%         4
 Olgreb's Toxic Radiance  Pois           2%         N/A       82%         4
 Sticky Flame             Conj/Fire      2%         2d3       82%         4
 Fireball                 Conj/Fire      1%         3d3       99%         5
 Freezing Cloud           Conj/Ice/Air   1%         6-21      99%         5
 Starburst                Conj/Fire      1%         6d3       100%        6
 Orb of Destruction       Conj           1%         9d5       100%        7
 Ozocubu's Refrigeration  Ice            1%         4d7       100%        7
 Disjunction              Tloc           25%        N/A       100%        8
 Ignition                 Fire           1%         3d3       100%        8
 Summon Guardian Golem    Hex/Summ       Unusable   N/A       N/A         3
 Animate Dead             Necr           Unusable   N/A       N/A         4
 Summon Cactus Giant      Summ           Unusable   N/A       N/A         6
 Spellforged Servitor     Conj/Summ      Unusable   N/A       N/A         7

Dungeon Overview and Level Annotations

Branches:
Dungeon (14/15)            Temple (0/1) D:6            Lair (5/5) D:10
 Shoals (0/4) Lair:2       Spider (0/4) Lair:3        Slime (0/5) Lair:4
    Orc (2/2) D:9             Elf (0/3) Orc:2        Vaults (0/5) D:13
 Bailey (visited)

Altars:
Dithmenos
Fedhas
Hepliaklqana
Kikubaaqudgha
Nemelex Xobeh
Okawaru
Qazlal
Ru
Trog
Vehumet
Wu Jian
Xom
Yredelemnul

Shops:
D:2 !?   D:8 *   D:9 *   D:12 *   Orc:1 =   Orc:2 *(!*

Annotations:
D:9 exclusion: ice statue
D:12 exclusion: orange crystal statue
D:14 Jorgrun


Innate Abilities, Weirdness & Mutations

You have a moderately thin skeletal structure. (Dex +4, Stealth++)
You sometimes gain a little power by taking damage.
Your melee attacks may debilitate your foes.
Spells you cast and wands you use may paralyse nearby enemies.
Your hexes are more powerful.
Your touch may inflict irresistible damage on your foes.


Message History

You take 13 damage, and have 69/119 hp.
You pummel Jorgrun!!
Jorgrun is severely wounded.
You regained 2 hp, and now have 71/119 hp.
You punch Jorgrun!
Jorgrun is severely wounded.
Jorgrun hits you with a +0 heavy quarterstaff!!
You take 18 damage, and have 53/119 hp.
You now have 1/18 mp.
You barely miss Jorgrun.
Jorgrun is severely wounded.
You regained 2 hp, and now have 55/119 hp.
You closely miss Jorgrun.
Jorgrun is severely wounded.
Jorgrun hits you with a +0 heavy quarterstaff!!
* * * LOW HITPOINT WARNING * * *
You take 27 damage, and have 28/119 hp.
MASSIVE DAMAGE!!
You now have 1/18 mp.
Casting: Manifold Assault (mildly dangerous; 3% risk of failure)
Confirm with . or Enter, or press ? or * to list all spells.
You don't have enough magic to cast this spell.
You closely miss Jorgrun.
Jorgrun is severely wounded.
You regained 2 hp, and now have 30/119 hp.
You miss Jorgrun.
Jorgrun is severely wounded.
Jorgrun gestures at you while chanting.
Roots burst forth from the earth!
The grasping roots grab you! The grasping roots constrict you!
* * * LOW HITPOINT WARNING * * *
You focus on the pain.
You feel very mighty all of a sudden.
You take 10 damage, and have 20/119 hp.
You now have 0/18 mp.
You pummel Jorgrun!!
Jorgrun is almost dead.
Jorgrun hits you with a +0 heavy quarterstaff!
* * * LOW HITPOINT WARNING * * *
You focus on the pain.
You feel agile all of a sudden. The grasping roots constrict you!
You die...

##.........#
...........#
...........#
#..........#
#..........#####
#.......................
#......g...............
#......@..............#
#..........^..........#
#.....................#
#.....................##
#.....................#.
#.....................#.
#...........).........#.
#..............<...[....
#.................>..###


You could see Jorgrun.

Vanquished Creatures
  Rupert (Orc:1)
  Nessos (D:13)
  An ettin (Orc:1)
  Josephine (D:13)
  Erolcha (D:11)
  A merfolk avatar (Lair:5)
  6 hydras
  7 two-headed ogres
  3 death yaks (Lair:3)
  4 orc high priests
  4 boulder beetles
  Urug (D:11)
  3 tengu warriors (D:13)
  Nergalle (D:10)
  A skeletal warrior (D:12)
  A sea snake (Lair:5)
  A harpy (Lair:5)
  A lindwurm (shapeshifter) (D:13)
  A necromancer (D:13)
  A deep elf pyromancer (D:12)
  8 ugly things (D:14)
  7 orc knights
  7 elephants
  5 orc sorcerers
  5 manticores
  3 cyclopes
  Maurice (D:11)
  3 merfolk sirens (Lair:2)
  10 cane toads
  3 black mambas
  5 gargoyles
  3 unseen horrors
  9 komodo dragons
  An efreet (D:13)
  7 rime drakes
  3 kobold demonologists
  3 polar bears
  A merfolk (Lair:2)
  A hornet (Lair:5)
  2 wind drakes (Lair:5)
  7 trolls
  13 blink frogs
  6 wraiths
  18 slime creatures
  A shadow (D:11)
  A vampire (D:11)
  17 wyverns
  12 basilisks
  50 yaks
  3 redbacks (Lair:3)
  2 steam dragons
  4 vampire mosquitoes (D:13)
  4 wargs
  An acid dragon (D:11)
  10 water moccasins
  31 orc warriors
  3 black bears
  3 sky beasts
  4 centaurs
  6 ogres
  4 wolves
  A kobold brigand (D:7)
  15 bullfrogs
  A gnoll sergeant (D:7)
  2 scorpions
  12 wights
  6 electric eels
  2 howler monkeys
  A lava snake (Orc:1)
  Crazy Yiuf (D:4)
  11 jellies
  19 orc priests
  5 iguanas
  Natasha (thrice) (D:4)
  20 orc wizards
  A sleepcap (D:5)
  6 hell rats (Lair:4)
  14 gnolls
  4 adders
  3 shadow imps
  A white imp (D:6)
  2 worms
  3 dart slugs (D:2)
  68 orcs
  20 endoplasms
  4 giant cockroaches
  8 goblins
  10 hobgoblins
  6 jackals (D:1)
  5 quokkas
  6 ball pythons
  7 bats
  4 frilled lizards
  13 kobolds
  8 rats
620 creatures vanquished.

Vanquished Creatures (collateral kills)
  A jelly (D:5)
  An orc wizard (D:5)
  5 adders
  A jackal (D:1)
  A bat (D:2)
9 creatures vanquished.

Vanquished Creatures (others)
  A manticore (Lair:5)
  An ogre zombie (D:5)
  A felid zombie (D:4)
  An orc zombie (D:5)
  30 fungi
  63 plants
97 creatures vanquished.

Grand Total: 726 creatures vanquished

Notes
Turn   | Place    | Note
-------+----------+-------------------------------------------
     0 | D:1      | jasper the Demonspawn Necromancer began the quest for the
                  | Orb.
     0 | D:1      | Reached XP level 1. HP: 13/13 MP: 3/3
   287 | D:1      | Gained mutation: Spells you cast may paralyse adjacent
                  | enemies. [demonic ancestry]
   287 | D:1      | Reached XP level 2. HP: 6/19 MP: 0/5
   467 | D:1      | Reached skill level 5 in Necromancy
   834 | D:1      | Gained mutation: You sometimes gain a little power by
                  | taking damage. [demonic ancestry]
   834 | D:1      | Reached XP level 3. HP: 24/24 MP: 1/6
  1046 | D:1      | Learned a level 3 spell: Vampiric Draining
  1048 | D:1      | Learned a level 1 spell: Apportation
  1799 | D:2      | Identified the amulet "Dedy Lemm" {Spirit Regen+}
  1807 | D:2      | Found Ocoelun's Magic Scroll Shoppe.
  1837 | D:2      | Bought a scroll of identify for 28 gold pieces
  2128 | D:2      | Gained mutation: Spells you cast may paralyse nearby
                  | enemies. [demonic ancestry]
  2128 | D:2      | Reached XP level 4. HP: 30/30 MP: 4/7
  2275 | D:2      | Reached skill level 1 in Fighting
  2416 | D:2      | Found Zimaahilass's Distillery.
  2422 | D:2      | Bought a potion of curing for 39 gold pieces
  2840 | D:3      | Found a shimmering altar of Xom.
  2961 | D:4      | Noticed Natasha
  2967 | D:4      | Killed Natasha
  2968 | D:4      | Reached XP level 5. HP: 30/37 MP: 5/8
  2976 | D:4      | Learned a level 4 spell: Animate Dead
  3146 | D:4      | Noticed a black bear
  3169 | D:4      | Killed a black bear
  3170 | D:4      | Gained mutation: You have a somewhat thin skeletal
                  | structure. (Dex +2, Stealth+) [demonic ancestry]
  3170 | D:4      | Reached XP level 6. HP: 34/43 MP: 5/9
  3219 | D:4      | Found a runed translucent door.
  3220 | D:4      | Noticed Crazy Yiuf
  3241 | D:4      | Found a basalt altar of Yredelemnul.
  3249 | D:4      | Noticed Natasha
  3259 | D:4      | Killed Natasha
  3349 | D:4      | Noticed Natasha
  3357 | D:4      | Killed Natasha
  3385 | D:4      | Reached skill level 1 in Polearms
  3385 | D:4      | Reached skill level 1 in Armour
  4131 | D:4      | Your ally Natasha died
  4138 | D:4      | Killed Crazy Yiuf
  4213 | D:5      | Entered Level 5 of the Dungeon
  4220 | D:5      | Noticed a wyvern
  4353 | D:5      | Reached XP level 7. HP: 50/50 MP: 6/10
  4559 | D:5      | Killed a wyvern
  5119 | D:6      | Found an iron altar of Okawaru.
  5134 | D:6      | Gained mutation: Your touch may inflict minor irresistible
                  | damage on your foes. [demonic ancestry]
  5134 | D:6      | Reached XP level 8. HP: 58/58 MP: 11/11
  5139 | D:6      | Became a worshipper of Warmaster Okawaru
  5243 | D:6      | Reached skill level 1 in Unarmed Combat
  5277 | D:6      | Found an ancient bone altar of Kikubaaqudgha.
  5441 | D:6      | Reached skill level 2 in Unarmed Combat
  5609 | D:6      | Found a staircase to the Ecumenical Temple.
  5611 | D:6      | Reached * piety under Okawaru
  5734 | D:6      | Reached skill level 3 in Unarmed Combat
  5866 | D:7      | Reached skill level 1 in Invocations
  6044 | D:7      | Reached skill level 4 in Unarmed Combat
  6128 | D:7      | Found a shadowy altar of Dithmenos.
  6178 | D:7      | Gained mutation: Your touch may inflict irresistible damage
                  | on your foes. [demonic ancestry]
  6178 | D:7      | Reached XP level 9. HP: 66/66 MP: 2/12
  6375 | D:7      | Found a flagged portal.
  6383 | Bailey   | Entered a bailey
  6391 | Bailey   | Reached ** piety under Okawaru
  6392 | Bailey   | Reached skill level 5 in Fighting
  6529 | Bailey   | Noticed an orc knight
  6536 | Bailey   | Killed an orc knight
  6537 | Bailey   | Reached skill level 5 in Unarmed Combat
  6687 | Bailey   | Noticed a kobold demonologist
  6701 | Bailey   | Killed a kobold demonologist
  6702 | Bailey   | Reached skill level 6 in Unarmed Combat
  6758 | Bailey   | Found an iron altar of Okawaru.
  6758 | Bailey   | Noticed a kobold demonologist
  6768 | Bailey   | Killed a kobold demonologist
  6768 | Bailey   | Reached *** piety under Okawaru
  6775 | Bailey   | Reached skill level 5 in Dodging
  6876 | Bailey   | Acquired the +0 hat of the Valley {Str+3}
  7071 | Bailey   | Gained mutation: You have a moderately thin skeletal
                  | structure. (Dex +4, Stealth++) [demonic ancestry]
  7071 | Bailey   | Reached XP level 10. HP: 77/77 MP: 8/13
  7142 | Bailey   | Acquired 791 gold pieces
  7144 | Bailey   | Acquired the +3 warlock's mirror {omnireflect}
  7144 | Bailey   | Found the +3 warlock's mirror {omnireflect}
  7170 | Bailey   | Noticed an orc knight
  7179 | Bailey   | Reached skill level 1 in Shields
  7204 | Bailey   | Killed an orc knight
  7529 | D:7      | Found a radiant altar of Vehumet.
  7681 | D:7      | Reached **** piety under Okawaru
  7682 | D:7      | Reached skill level 7 in Unarmed Combat
  7946 | D:7      | Found an ornate altar of the Wu Jian Council.
  8914 | D:8      | Found Lufi's Assorted Antiques.
  8920 | D:8      | Bought a ruby potion for 20 gold pieces
  8920 | D:8      | Bought a scroll labelled DOEH BEONE for 23 gold pieces
  8998 | D:8      | Reached skill level 8 in Unarmed Combat
  9068 | D:8      | Noticed a two-headed ogre
  9079 | D:8      | Killed a two-headed ogre
  9079 | D:8      | Received a gift from Okawaru
  9079 | D:8      | Reached ***** piety under Okawaru
  9467 | D:9      | Found a stormy altar of Qazlal.
  9532 | D:9      | Gained mutation: Your hexes are more powerful. [demonic
                  | ancestry]
  9532 | D:9      | Reached XP level 11. HP: 65/84 MP: 8/14
  9590 | D:9      | Found Ofuyte's CLEARANCE SALE!.
  9597 | D:9      | Bought a scroll of immolation for 12 gold pieces
  9634 | D:9      | Received a gift from Okawaru
  9781 | D:9      | Found a staircase to the Orcish Mines.
  9799 | D:9      | Reached skill level 9 in Unarmed Combat
 10207 | D:9      | Noticed a two-headed ogre
 10220 | D:9      | Killed a two-headed ogre
 10398 | D:10     | Entered Level 10 of the Dungeon
 10431 | D:10     | Noticed Nergalle
 10446 | D:10     | Noticed a two-headed ogre
 10451 | D:10     | Killed Nergalle
 10451 | D:10     | Identified the +1 scale mail of Gravity {rF+ rN+ Dex+3}
                  | (Okawaru gifted it to you on level 10 of the Dungeon)
 10451 | D:10     | Received a gift from Okawaru
 10460 | D:10     | Killed a two-headed ogre
 10587 | D:10     | Found a staircase to the Lair.
 10725 | D:10     | Found a sacrificial altar of Ru.
 10850 | D:8      | Bought a scroll of acquirement for 1196 gold pieces
 10850 | D:8      | Acquired a manual of Hexes
 10857 | D:8      | Learned a level 4 spell: Manifold Assault
 10863 | D:8      | Learned a level 5 spell: Yara's Violent Unravelling
 10965 | D:10     | Found a hazy altar of Hepliaklqana.
 11044 | D:10     | Found a sparkling altar of Nemelex Xobeh.
 11085 | D:10     | Found a bloodstained altar of Trog.
 11490 | Lair:1   | Entered Level 1 of the Lair of Beasts
 11755 | Lair:1   | Reached skill level 10 in Unarmed Combat
 12893 | Lair:2   | Noticed a boulder beetle
 12934 | Lair:1   | Killed a boulder beetle
 12935 | Lair:1   | Gained mutation: Spells you cast and wands you use may
                  | paralyse nearby enemies. [demonic ancestry]
 12935 | Lair:1   | Reached XP level 12. HP: 65/96 MP: 1/15
 13372 | Lair:2   | Received a gift from Okawaru
 13458 | Lair:2   | Reached skill level 10 in Fighting
 13788 | Lair:2   | Found a staircase to the Shoals.
 13993 | Lair:2   | Noticed a boulder beetle
 14038 | Lair:2   | Killed a boulder beetle
 14643 | Lair:3   | Reached skill level 10 in Dodging
 14744 | Lair:3   | Reached skill level 1 in Hexes
 14763 | Lair:3   | Reached skill level 1 in Translocations
 14763 | Lair:3   | Reached skill level 1 in Transmutations
 14791 | Lair:3   | Reached ****** piety under Okawaru
 14859 | Lair:3   | Noticed a boulder beetle
 14885 | Lair:3   | Killed a boulder beetle
 15097 | Lair:3   | Noticed a death yak
 15120 | Lair:3   | Noticed a death yak
 15122 | Lair:3   | Noticed a death yak
 15499 | D:11     | Noticed Maurice
 15510 | D:11     | Killed Maurice
 15569 | D:11     | Reached skill level 5 in Hexes
 15697 | D:11     | Noticed Erolcha
 15724 | D:11     | Killed Erolcha
 15826 | D:11     | Noticed a boulder beetle
 15850 | D:11     | Killed a boulder beetle
 15850 | D:11     | Identified the +3 spear of the Briny Deep {vamp, Int+4
                  | Dex+2 Stlth+} (Okawaru gifted it to you on level 11 of the
                  | Dungeon)
 15850 | D:11     | Received a gift from Okawaru
 16360 | D:11     | Noticed Urug
 16384 | D:11     | Killed Urug
 16732 | D:11     | Learned a level 2 spell: Sublimation of Blood
 16854 | D:12     | Noticed a two-headed ogre
 16864 | D:12     | Killed a two-headed ogre
 16865 | D:12     | Reached XP level 13. HP: 88/103 MP: 1/16
 17547 | D:12     | Reached skill level 5 in Transmutations
 17693 | D:12     | Identified the +2 pair of gloves of Xuaneg {rF+ rN+ Str+4}
                  | (Okawaru gifted it to you on level 12 of the Dungeon)
 17693 | D:12     | Received a gift from Okawaru
 17721 | D:12     | Found Womine's Whimsical Warehouse.
 18645 | D:13     | Noticed Nessos
 18657 | D:13     | Killed Nessos
 18658 | D:13     | Reached skill level 10 in Hexes
 18781 | D:13     | Noticed Josephine
 18877 | Orc:1    | Entered Level 1 of the Orcish Mines
 19594 | Orc:1    | Found Zulul's Jewellery Shop.
 19665 | Orc:2    | Entered Level 2 of the Orcish Mines
 19665 | Orc:2    | Found a staircase to the Elven Halls.
 19730 | Orc:2    | Noticed an ettin
 19851 | Orc:1    | Killed an ettin
 20299 | Orc:2    | Noticed Rupert
 20491 | Lair:3   | Found a hole to the Spider Nest.
 20496 | Lair:3   | Identified the +0 sling of Purpose {freeze, Int+6} (Okawaru
                  | gifted it to you on level 3 of the Lair of Beasts)
 20496 | Lair:3   | Received a gift from Okawaru
 20810 | Lair:3   | Found a blossoming altar of Fedhas.
 21786 | Lair:4   | Reached XP level 14. HP: 111/111 MP: 10/17
 22080 | Lair:4   | Found a staircase to the Slime Pits.
 22096 | Lair:4   | Reached skill level 11 in Unarmed Combat
 22323 | Lair:4   | Reached skill level 5 in Translocations
 22866 | Lair:5   | Entered Level 5 of the Lair of Beasts
 23052 | Lair:5   | Identified the scarf of Rotten Amelioration {Regen+ Str+2}
                  | (Okawaru gifted it to you on level 5 of the Lair of Beasts)
 23052 | Lair:5   | Received a gift from Okawaru
 23118 | Lair:5   | HP: 5/111 [seven-headed hydra (7)]
 23921 | Lair:5   | Identified the +2 robe of Ycewnain {-Cast rPois Will+ Str+7
                  | Int-3}
 25275 | Orc:2    | Paralysed by Rupert for 3 turns
 25301 | Orc:1    | Killed Rupert
 25813 | Orc:2    | Found Usiosi's Antique Weapon Shop.
 26000 | Orc:2    | Found Quczur's General Store.
 26007 | Orc:2    | Found Faidd's Distillery.
 26009 | Orc:2    | Found Paat's General Store.
 26033 | Orc:2    | Bought a potion of heal wounds for 70 gold pieces
 26033 | Orc:2    | Bought a potion of berserk rage for 70 gold pieces
 26033 | Orc:2    | Bought a potion of curing for 42 gold pieces
 26033 | Orc:2    | Bought a potion of ambrosia for 112 gold pieces
 26033 | Orc:2    | Bought a potion of heal wounds for 70 gold pieces
 26178 | D:13     | Killed Josephine
 26179 | D:13     | Reached skill level 12 in Unarmed Combat
 26179 | D:13     | Gained mutation: Your melee attacks may debilitate your
                  | foes. [demonic ancestry]
 26179 | D:13     | Reached XP level 15. HP: 119/119 MP: 4/18
 26790 | D:13     | Received a gift from Okawaru
 27683 | D:13     | Found a gate to the Vaults.
 28482 | D:14     | Identified the +0 quarterstaff of Equivalence {spect,
                  | +Blink rC++}
 28539 | D:14     | Noticed Jorgrun
 28559 | D:14     | HP: 5/119 [Jorgrun/+0 heavy quarterstaff (17)]
 28559 | D:14     | Constricted to death by Jorgrun

Illustrated notes

Levels and vault maps discovered:
D:1:      psy_arrival_fountain, layout_basic, serial_bayou_lagoon_b
D:2:      layout_loops_ring, serial_shops, shop, shop
D:3:      layout_basic, mainiacjoe_overflow_alcove_1
D:4:      layout_basic, mainiacjoe_overflow_catwalk,
          nicolae_overflow_crystal_walls, uniq_crazy_yiuf_cottage, uniq_natasha
D:5:      layout_rooms
D:6:      layout_loops_ring, mainiacjoe_overflow_tiny_flanked,
          old_standard_altar, minmay_temple_entry_gardened_gates
D:7:      lemuel_slime, layout_basic, nicolae_dithmenos_shadow_blocks,
          old_standard_altar, mainiacjoe_overflow_chevrons, enter_bailey_2
D:8:      layout_loops_ring, serial_shops, shop
D:9:      minmay_statue_hallways, layout_irregular_city, general_overflow_altar,
          minmay_orc_entry_guard_dogs, nicolae_shop_clearance
D:10:     layout_loops_ring, nemelex_spade_bored_becter, pf_just_have_faith,
          overflow_temple_1_default, lightli_temple_of_fire, kennysheep_mini,
          david_lair_generic, uniq_nergalle
D:11:     layout_loops_corners, uniq_maurice, uniq_erolcha, uniq_urug
D:12:     minmay_inner_zag, layout_cross, nicolae_alphabet_shops,
          hangedman_abyss_or_decor_lesser_grid, minmay_statue_bubble
D:13:     layout_cave_pods, david_vaults_1, uniq_josephine, uniq_nessos
D:14:     layout_long_grid, serial_bayou, serial_bayou_pond_d,
          serial_bayou_shore_b, serial_bayou_shore_a, serial_bayou_shore_b,
          hangedman_abyss_or_decor_stagger, dreamdust_princess_bridge,
          uniq_jorgrun
Lair:1:   layout_cave_shapes, serial_bayou_shore_b
Lair:2:   layout_loops_ring, elwin_shoals_entry_stream
Lair:3:   nzn_winding_woodlands_medium [nzn_winding_woodlands_5x5_default,
          nzn_winding_woodlands_5x15_lazy_stream,
          nzn_winding_woodlands_5x5_cross, nzn_winding_woodlands_hourglass,
          nzn_winding_woodlands_center_pierced_h,
          nzn_winding_woodlands_5x5_checkerboard,
          nzn_winding_woodlands_5x5_three, nzn_winding_woodlands_5x15_cabin,
          nzn_winding_woodlands_5x5_closed_star], layout_gridlike,
          spider_nest_entry_webs, basic_altar
Lair:4:   layout_long_grid, nicolae_slime_entry_field_trip, special_room
          [special_room_mythical_zoo], lemuel_fruit_fields,
          serial_bayou_shore_b, infiniplex_staircase_pool
Lair:5:   gammafunk_lair_ancient_temple, layout_cave_pods, minivault_27
Orc:1:    layout_diamond_mine, basic_altar, serial_shops,
          nicolae_shop_behind_doors, ebering_ghost_rock_garden,
          nicolae_orc_lava_tube, kennysheep_orc_chapel
Orc:2:    st_orc_elflike, layout_caves, uniq_rupert

Skill      XL: |  1  2  3  4  5  6  7  8  9 10 11 12 13 14 |
---------------+-------------------------------------------+-----
Necromancy     | 5 6 7 8 |  8.0
Fighting       | 1 2 3 4 6 7 9 10 11 | 11.6
Polearms       | 2 4 |  4.1
Armour         | 1 2 3 |  3.1
Unarmed Combat | 4 6 8 10 12 | 12.6
Dodging        | 3 5 6 8 10 11 | 11.4
Invocations    | 2 3 |  3.0
Shields        | 4 |  4.0
Hexes          | 7 11 | 11.0
Translocations | 3 4 9 |  9.3
Transmutations | 4 7 |  7.0
Stealth        | |  1.7
Spellcasting   | |  2.0

Action                     |  1- 3 |  4- 6 |  7- 9 | 10-12 | 13-15 || total
---------------------------+-------+-------+-------+-------+-------++-------
  Melee: Short sword       |     7 |       |       |       |       ||     7
         Whip              |    10 |    16 |       |       |       ||    26
         Trident           |       |   113 |   127 |       |       ||   240
         Punch             |       |     5 |    10 |       |       ||    15
         Unarmed           |       |       |   164 |   939 |  1460 ||  2563
         Touch             |       |       |    49 |       |       ||    49
  Throw: Dart              |       |       |       |       |     1 ||     1
   Cast: Necrotise         |    71 |     5 |       |       |       ||    76
         Vampiric Draining |       |     5 |    29 |   144 |   121 ||   299
         Animate Dead      |       |     2 |     1 |       |       ||     3
         Manifold Assault  |       |       |       |       |    93 ||    93
         Sublimation of Bl |       |       |       |       |     7 ||     7
         Apportation       |       |       |       |       |     1 ||     1
 Invoke: Heroism           |       |       |       |     5 |    20 ||    25
  Evoke: Wand              |       |       |     5 |    14 |    16 ||    35
    Use: Scroll            |     3 |     9 |     2 |    16 |    13 ||    43
         Potion            |       |     2 |       |       |     2 ||     4
   Stab: Paralysed         |       |    10 |    27 |   124 |   127 ||   288
         Sleeping          |       |       |     4 |    23 |     7 ||    34
         Petrified         |       |       |       |       |     6 ||     6
         Distracted        |       |       |       |       |     1 ||     1
 Armour: Robe              |     5 |       |       |       |       ||     5
         Leather armour    |     9 |     1 |       |       |       ||    10
         Ring mail         |       |    51 |   114 |   208 |    46 ||   419
         Troll leather arm |       |       |       |       |   313 ||   313
  Dodge: Dodged            |    16 |    58 |   152 |   338 |   944 ||  1508
  Block: Buckler           |       |       |       |   322 |   522 ||   844
         Reflection        |       |       |       |    12 |    19 ||    31

Table legend: (Time is in decaauts)
 A = Elapsed time spent in this place.
 B = Non-inter-level travel time spent in this place.
 C = Inter-level travel time spent in this place.
 D = Time resting spent in this place.
 E = Time spent auto-exploring this place.
 F = Levels seen in this place.
 G = Mean time per level.
                   A        B        C        D        E       F      G
               +--------+--------+--------+--------+--------+-----+--------+
         Total |  28320 |  26795 |   1525 |   2020 |  18603 |  22 | 1287.3 |
       Dungeon |  16597 |  15712 |    885 |    876 |  11341 |  14 | 1185.5 |
          Lair |   8413 |   8073 |    340 |    842 |   5458 |   5 | 1682.6 |
  Orcish Mines |   2299 |   1999 |    300 |    255 |   1159 |   2 | 1149.5 |
        Bailey |   1010 |   1010 |      0 |     46 |    644 |   1 | 1010.0 |
               +--------+--------+--------+--------+--------+-----+--------+

Top non-repeatable levels by time:
  Lair:5: 2151 daAuts
  Lair:3: 1961 daAuts
  Lair:1: 1922 daAuts
    D:13: 1916 daAuts
    D:12: 1807 daAuts
     D:1: 1647 daAuts
     D:7: 1616 daAuts
     D:4: 1543 daAuts
    D:11: 1542 daAuts
  Lair:2: 1218 daAuts
   Orc:1: 1200 daAuts
  Lair:4: 1159 daAuts
    D:10: 1128 daAuts
     D:9: 1103 daAuts
   Orc:2: 1098 daAuts
